 Dungeon Crawl Stone Soup version 0.17-a0-777-g32247ce (webtiles) character file.

140 Pnognoglozu the Skirmisher (level 5, 0/42 HPs)
             Began as a Demonspawn Abyssal Knight on Apr 25, 2015.
             Was a Believer of Lugonu.
             Killed from afar by an orc wizard (5 damage)
             ... with a magic dart
             ... on level 3 of the Dungeon.
             The game lasted 00:12:45 (3865 turns).

Pnognoglozu the Skirmisher (DsAK)                   Turns: 3865, Time: 00:12:45

Health: 0/42       AC:  4    Str: 12    XL:     5   Next: 2%
Magic:  0/7        EV: 12    Int: 13    God:    Lugonu [**....]
Gold:   148        SH:  0    Dex: 14    Spells: 0 memorised, 4 levels left

rFire  . . .     SeeInvis .     a - +1 falchion
rCold  . . .     Clarity  .     b - +0 leather armour
rNeg   . . .     SustAb   .     (no shield)
rPois  .         Gourm    .     n - +0 helmet
rElec  .         Spirit   +     (no cloak)
rCorr  .         Warding  .     (no gloves)
rMut   .         Stasis   .     (no boots)
MR     .....                    (no amulet)
Stlth  +.........               (no ring)
                                (no ring)

@: not resistant to hostile enchantments, very unstealthy
A: magic shield, magic regeneration, rot immunity
a: Depart the Abyss, Bend Space, Renounce Religion


You were on level 3 of the Dungeon.
You worshipped Lugonu.
Lugonu was pleased with you.
You were not hungry.

You visited 1 branch of the dungeon, and saw 3 of its levels.
You visited the Abyss 1 time.

You collected 148 gold pieces.

Inventory:

Hand weapons
 a - a +1 falchion (weapon)
 p - a +1 dagger of draining
 u - a +2 vampiric dagger
Armour
 b - a +0 leather armour (worn)
 n - a +0 helmet (worn)
 v - a cursed +0 chain mail
Magical devices
 l - a wand of cold (9)
 q - a wand of hasting (3)
 x - a wand of polymorph (16)
Scrolls
 d - 2 scrolls of identify {unknown}
 e - a scroll of magic mapping {unknown}
 g - 6 scrolls of teleportation {unknown}
 h - a scroll of fog {unknown}
 i - a scroll of blinking {unknown}
Potions
 f - a potion of might {unknown}
 j - a potion of haste {unknown}
 k - a potion of poison {unknown}
 m - a potion of invisibility {unknown}
 r - 5 potions of magic {unknown}
Books
 o - a book of Cantrips

   Spells                             Type                      Level
   a - Corona                         Hexes                        1
   b - Animate Skeleton               Necromancy                   1
   c - Summon Small Mammal            Summoning                    1
   d - Apportation                    Translocation                1
Comestibles
 c - 3 bread rations
 s - a slice of pizza
 w - 7 fruits


   Skills:
 + Level 3.8 Fighting
 + Level 2.5 Long Blades
 + Level 2.6 Armour
 + Level 1.8 Dodging
 + Level 3.7 Invocations


You had 4 spell levels left.
You didn't know any spells.

Dungeon Overview and Level Annotations

Branches:
Dungeon (3/15)

Altars:
Gozag
Nemelex Xobeh
The Shining One


Innate Abilities, Weirdness & Mutations

When hurt, damage is shared between your health and your magic reserves.
You regenerate magic rapidly.
You are immune to rotting.


Message History

The orc is heavily wounded.
The orc wizard casts a spell.
The orc wizard blinks!
The orc hits you with a flail!
* * * LOW HITPOINT WARNING * * *
Use which ability? (? or * to list)
Okay, then.
You don't know any spells.
Use which ability? (? or * to list) Space bends around you!
You blink.
* * * LOW HITPOINT WARNING * * *
You feel slightly more hungry. The orc wizard closely misses you.
The orc priest becomes somewhat translucent.
The orc wizard hits you but does no damage.
The orc wizard mumbles some strange words.
The orc wizard blinks!
The orc wizard hits you with a dagger.
* * * LOW HITPOINT WARNING * * *
The orc wizard gestures at you while chanting.
The magic dart hits you!
You die...

#.##########
#.# #.# #.#
#.# #.# #.#
#.# #.####
#.# #....#
#.# ####.#
######.# #.#
#.)....# #.#
#@###### #.#
#.# #.# #o#
#.# #.#
#####.# #o#
#.....# #.#
### #.#####
#o# ..# #.#
#.# ..# #.#
#o#


You could see an orc priest, an orc wizard and 2 orcs.

Vanquished Creatures
  Robin (D:2)
  4 adders (D:2)
  4 worms
  A giant gecko (D:1)
  2 orcs (D:3)
  3 giant cockroaches
  21 goblins
  8 hobgoblins
  8 jackals (D:2)
  3 kobolds
  A quokka (D:2)
  3 ball pythons
  8 bats
  2 giant newts (D:1)
  8 rats
77 creatures vanquished.

Vanquished Creatures (others)
  An orc (D:2)
1 creature vanquished.

Grand Total: 78 creatures vanquished

Notes
Turn   | Place    | Note
--------------------------------------------------------------
     0 | Abyss:1  | Pnognoglozu, the Demonspawn Abyssal Knight, began the quest for the Orb.
     0 | Abyss:1  | Reached XP level 1. HP: 18/18 MP: 2/2
    63 | Abyss:1  | Noticed a thrashing horror
    67 | Abyss:1  | Noticed a freezing wraith
    68 | D:1      | Escaped the Abyss
   553 | D:1      | Reached skill level 1 in Dodging
   673 | D:1      | Acquired Lugonu's first power
   673 | D:1      | Gained mutation: When hurt, damage is shared between your health and your magic reserves. [demonic ancestry]
   673 | D:1      | Reached XP level 2. HP: 18/24 MP: 4/4
  1264 | D:2      | Gained mutation: You regenerate magic rapidly. [demonic ancestry]
  1264 | D:2      | Reached XP level 3. HP: 16/29 MP: 2/5
  2027 | D:2      | Gained mutation: You are immune to rotting. [demonic ancestry]
  2027 | D:2      | Reached XP level 4. HP: 19/36 MP: 3/6
  2555 | D:2      | Acquired Lugonu's second power
  2601 | D:2      | Noticed Robin
  3012 | D:2      | Killed Robin
  3513 | D:3      | Found a glowing golden altar of the Shining One.
  3574 | D:3      | Found an opulent altar of Gozag.
  3574 | D:3      | Found a sparkling altar of Nemelex Xobeh.
  3747 | D:3      | Reached XP level 5. HP: 42/42 MP: 7/7
  3865 | D:3      | Killed from afar by an orc wizard

Action                   |  1- 3 |  4- 6 || total
-------------------------+-------+-------++-------
Melee: Falchion          |   131 |   145 ||   276
Invok: Depart the Abyss  |     1 |       ||     1
       Bend Space        |       |     1 ||     1
  Eat: Chunk             |     4 |     6 ||    10
